 Dungeon Crawl Stone Soup version 0.28-a0-178-ga708605c5b (webtiles) character file.

Game seed: 10637984237239925346

0 rabbitsville the Conjurer (level 1, -1/11 HPs)
             Began as an Octopode Conjurer on Aug 18, 2021.
             Slain by a kobold (3 damage)
             ... on level 1 of the Dungeon.
             The game lasted 00:00:55 (47 turns).

rabbitsville the Conjurer (Octopode Conjurer)         Turns: 47, Time: 00:00:56

Health: -1/11      AC:  1    Str:  6    XL:     1   Next: 10%
Magic:  0/3        EV: 13    Int: 20    God:
Gold:   0          SH:  0    Dex: 10    Spells: 3/4 levels left

rFire   . . .      SeeInvis .   (no weapon)
rCold   . . .      Faith    .   (no shield)
rNeg    . . .      Spirit   .   (helmet restricted)
rPois   .          Reflect  .   (no amulet)
rElec   .          Harm     .   (no ring)
rCorr   .          Rampage  .   (no ring)
Will    .....                   (no ring)
Stlth   +++.......              (no ring)
HPRegen 0.03/turn               (no ring)
MPRegen 0.08/turn               (no ring)
                                (no ring)
                                (no ring)

@: no status effects
A: almost no armour, amphibious, 8 rings, camouflage 1, gelatinous body 1,
(nimble swimmer 1), tentacles
a: no special abilities


You were on level 1 of the Dungeon.
You visited 1 branch of the dungeon, and saw 1 of its levels.

You aren't carrying anything.


   Skills:
 - Level 2.0 Dodging
 - Level 2.6 Stealth
 + Level 2.0 Spellcasting
 + Level 4.0 Conjurations


You had 3 spell levels left.
You knew the following spells:

 Your Spells              Type           Power      Damage    Failure   Level
a - Magic Dart            Conj           72%        1d6       3%          1

Your spell library contained the following spells:

 Spells                   Type           Power      Damage    Failure   Level
 Searing Ray              Conj           36%        3d4       4%          2
 Dazzling Flash           Conj/Hex       20%        N/A       21%         3
 Fulminant Prism          Conj/Hex       5%         3d7       56%         4
 Iskenderun's Mystic Bla  Conj/Tloc      10%        2d4       56%         4


Dungeon Overview and Level Annotations

Branches:
Dungeon (1/15)

Altars:


Innate Abilities, Weirdness & Mutations

You cannot wear most types of armour.
You are amphibious.
You can wear up to eight rings at the same time.
Your skin changes colour to match your surroundings (Stealth+).
Your rubbery body absorbs attacks. (AC +1, EV +1)
((You are camouflaged near water. (Stealth+)))
You have tentacles for arms and can constrict up to eight enemies at once.


Message History

The magic dart hits the kobold but does no damage.
Casting: Magic Dart (safe; 3% risk of failure)
Confirm with . or Enter, or press ? or * to list all spells.
Aiming: Magic Dart (safe; 3% risk of failure)
Press: ? - help, Shift-Dir - straight line, f/p - kobold
Aim: a kobold, wielding a +0 club and quivering stones (100% to hit)
The magic dart hits the kobold.
The kobold is severely wounded.
The kobold throws a stone.
The stone barely misses you.
Casting: Magic Dart (safe; 3% risk of failure)
Confirm with . or Enter, or press ? or * to list all spells.
Aiming: Magic Dart (safe; 3% risk of failure)
Press: ? - help, Shift-Dir - straight line, f/p - kobold
Aim: a kobold, wielding a +0 club and quivering stones (severely wounded, 100% to hit)
The magic dart hits the kobold but does no damage.
The kobold is severely wounded.
A ball python comes into view.
The kobold throws a stone.
The stone hits you but does no damage.
The goblin shouts!
You barely miss the rat. You grab the rat.
You constrict the rat, but do no damage.
The rat completely misses you.
You tentacle-slap the rat.
The rat is moderately wounded.
You constrict the rat.
You kill the rat!
You barely miss the rat. You grab the rat. You constrict the rat.
The kobold hits you with a +0 club. The rat barely misses you.
You completely miss the rat. Your squeeze misses the rat.
The rat is moderately wounded.
You constrict the rat. The kobold barely misses you.
The rat closely misses you.
You tentacle-slap the rat but do no damage.
The rat is severely wounded.
You constrict the rat.
You kill the rat!
The goblin hits you with a +0 club.
* * * LOW HITPOINT WARNING * * *
The kobold hits you with a +0 club.
You die...

#..P##≈##P...P##≈##
#...P#≈#P.....P#≈#P
#..................
#.............#####
#.................#
..............###.#
..............#
........†K....#
........@.....#
.........g.....#
S##........##...#
#..#......#..#..#
#............#...#
.############......
...### ..


You could see a goblin and a kobold.

Vanquished Creatures
  2 rats (D:1)
2 creatures vanquished.

Notes
Turn   | Place    | Note
-------+----------+-------------------------------------------
     0 | D:1      | rabbitsville the Octopode Conjurer began the quest for the
                  | Orb.
     0 | D:1      | Reached XP level 1. HP: 11/11 MP: 3/3
    47 | D:1      | Slain by a kobold

Illustrated notes

Levels and vault maps discovered:
D:1:      eino_arrival_water_cross, layout_basic, serial_aquarium,
          aquarium_bridge_long_joined [aquarium_subvault_window,
          aquarium_subvault_bridge, aquarium_subvault_bridge,
          aquarium_subvault_wall, aquarium_subvault_bridge,
          aquarium_subvault_wall], aquarium_bridge_square
          [aquarium_subvault_bridge, aquarium_subvault_window,
          aquarium_subvault_bridge, aquarium_subvault_wall], aquarium_window_2,
          aquarium_window_corridor_3, aquarium_window_1, aquarium_view_2c,
          hellmonk_ecumenical_altar_arch_garden, minmay_curled_crystal

Action                   || total
-------------------------++-------
Melee: Unarmed           ||     5
       Constrict         ||     2
 Cast: Magic Dart        ||     3
Armor: Skin              ||     1
Dodge: Dodged            ||     7

Table legend: (Time is in decaauts)
 A = Elapsed time spent in this place.
 B = Non-inter-level travel time spent in this place.
 C = Inter-level travel time spent in this place.
 D = Time resting spent in this place.
 E = Time spent auto-exploring this place.
 F = Levels seen in this place.
 G = Mean time per level.
                   A        B        C        D        E       F      G
               +--------+--------+--------+--------+--------+-----+--------+
         Total |     47 |     47 |      0 |      0 |      0 |   1 |   47.0 |
       Dungeon |     47 |     47 |      0 |      0 |      0 |   1 |   47.0 |
               +--------+--------+--------+--------+--------+-----+--------+

Top non-repeatable levels by time:
     D:1: 47 daAuts
